 Dungeon Crawl Stone Soup version 0.24.1-4-ge52af88ad5 (webtiles) character file.

Game seed: 6697496517149686223, levelgen mode: deterministic

5254 Gabide the Blocker (level 10, -3/75 HPs)
             Began as a Human Fighter on Apr 17, 2020.
             Was a Plaything of Xom.
             Slain by a guardian serpent (shapeshifter) (20 damage)
             ... on level 9 of the Dungeon.
             The game lasted 00:34:46 (7885 turns).

Gabide the Blocker (Human Fighter)                  Turns: 7885, Time: 00:34:47

Health: -3/75      AC: 12    Str: 19    XL:     10   Next: 93%
Magic:  10/10      EV:  5    Int:  9    God:    Xom [*.....]
Gold:   483        SH: 17    Dex: 13    Spells: 9/9 levels left

rFire    + . .     SeeInvis .   l - +3 mace (crush)
rCold    . . .     Gourm    .   F - +0 large shield
rNeg     . . .     Faith    +   i - +5 chain mail
rPois    .         Spirit   .   (no helmet)
rElec    .         Reflect  .   B - scarf {cloud immunity}
rCorr    .         Harm     .   w - +0 pair of gloves
MR       +....                  (no boots)
Stlth    ..........             H - amulet of faith
HPRegen  0.22/turn              o - ring of protection from fire
MPRegen  0.12/turn              j - ring of protection from magic

@: no status effects
A: blurry vision 1, deformed body, screaming 1
a: Renounce Religion


You were on level 9 of the Dungeon.
You worshipped Xom.
You were a special plaything of Xom.
You were not hungry.

You visited 2 branches of the dungeon, and saw 10 of its levels.

You collected 483 gold pieces.

Inventory:

Hand Weapons
 l - a +3 mace of crushing (weapon)
Missiles
 p - 4 boomerangs (quivered)
Armour
 c - a +0 shield
 i - a +5 chain mail (worn)
 w - a +0 pair of gloves (worn)
 B - a scarf of cloud immunity (worn)
 F - a +0 large shield (worn)
Jewellery
 a - an uncursed ring of resist corrosion
 j - a ring of protection from magic (right hand)
 m - an uncursed ring of positive energy
 o - a ring of protection from fire (left hand)
 H - an amulet of faith (around neck)
Wands
 b - a wand of digging (9)
 n - a wand of disintegration (13)
 A - a wand of enslavement (4)
 C - a wand of paralysis (4)
 E - a wand of random effects (14)
Scrolls
 e - 4 scrolls of remove curse
 u - a scroll of immolation {unknown}
 y - 2 scrolls of identify
 z - a scroll of amnesia
 G - a scroll of blinking {unknown}
Potions
 g - a potion of curing
 k - a potion of magic
 q - 4 potions of flight
 s - a potion of berserk rage {unknown}
 v - a potion of degeneration {unknown}
 x - a potion of resistance {unknown}
 D - a potion of lignification {unknown}
Comestibles
 d - 2 chunks of flesh
 f - 17 rations


   Skills:
 + Level 5.6 Fighting
 + Level 9.0 Maces & Flails
 - Level 2.7 Throwing
 + Level 7.1 Armour
 - Level 1.0 Dodging
 - Level 2.4 Stealth
 * Level 9.5 Shields


You had 9 spell levels left.
You didn't know any spells.
Your spell library contained the following spells:

 Spells                   Type           Power        Failure   Level  Hunger
 Animate Skeleton         Necr           N/A          100%        1    ##.....
 Apportation              Tloc           #.....       100%        1    ##.....
 Confusing Touch          Hex            #.....       100%        1    ##.....
 Shock                    Conj/Air       #...         100%        1    ##.....
 Summon Small Mammal      Summ           #...         100%        1    ##.....
 Swiftness                Chrm/Air       #.......     100%        2    ###....
 Confuse                  Hex            #.......     100%        3    ####...
 Gell's Gravitas          Tloc           #.........   100%        3    ####...
 Static Discharge         Conj/Air       #.......     100%        3    ####...
 Airstrike                Air            #.........   100%        4    #####..
 Petrify                  Tmut/Erth      #.......     100%        4    #####..
 Lightning Bolt           Conj/Air       #.........   100%        5    ######.
 Metabolic Englaciation   Hex/Ice        #.........   100%        5    ######.
 Yara's Violent Unravell  Hex/Tmut       #.........   100%        5    ######.


Dungeon Overview and Level Annotations

Branches:
Dungeon (9/15)             Temple (1/1) D:4            Lair (0/6) D:8
    Orc: D:9-12

Altars:
Ashenzari
Cheibriados
Dithmenos
Elyvilon
Fedhas
Gozag
Hepliaklqana
Kikubaaqudgha
Makhleb
Nemelex Xobeh
Okawaru
Qazlal
Ru
Sif Muna
Trog
Uskayaw
Vehumet
Wu Jian
Xom
Yredelemnul
Zin
The Shining One

Shops:
D:5 (

Annotations:
D:9 Erica


Innate Abilities, Weirdness & Mutations

Scrolls take you a little longer to read.
Armour fits poorly on your strangely shaped body.
You occasionally shout uncontrollably at your foes.


Message History

Press: ? - help, v - describe, . - travel
Here: a guardian serpent shaped shifter The floor.
You thump the guardian serpent!
The guardian serpent is lightly wounded. "This might be better!"
The guardian serpent flickers and vanishes!
Deactivating autopickup; reactivate with Ctrl-A.
Something hits you but does no damage.
You completely miss something. Something hits you! Something hits you.
Things that are here:
6 stones; a +0 ring mail Something hits you but does no damage.
Things that are here:
a +0 dagger; a +0 robe
There is an open door here.
Something hits you!
* * * LOW HITPOINT WARNING * * *
Something hits you!!
You die...

.....#.....#.)...#.
#.......#. #..#.....#.
#.........###........8
#.......#..#..#.....#.
#.....#.#...(.#.....#.
#.....#.###.#####.####
#.....#..(....#.....#.
#.....#.).#...#..⌠..#.
#....@#÷(.#.....⌠⌠⌠...
#.....')..#...#..⌠..#.
#.....#...#...#.....#.
#.....#...#...###.###.
#.....#...#...........
#####.#####..###......
#........#....#...
####.....#....#...
#.....#....#.##


There were no monsters in sight!

Vanquished Creatures
  2 two-headed ogres (D:8)
  2 wyverns
  2 hungry ghosts
  Duvessa (D:6)
  2 sky beasts
  2 black bears (D:9)
  3 ogres
  A phantom (D:4)
  2 necrophages (D:8)
  A crocodile (D:8)
  4 centaurs
  3 bullfrogs
  Dowan (D:6)
  3 scorpions
  4 killer bees
  A howler monkey (D:8)
  2 crimson imps
  2 jellies (D:8)
  A quasit (D:7)
  2 centaur zombies (D:5)
  4 hounds
  11 orc wizards
  Crazy Yiuf (D:4)
  4 orc priests
  2 centaur skeletons
  Jessica (D:2)
  2 bullfrog skeletons (D:8)
  Ijyb (D:5)
  2 iguanas
  3 worker ants
  2 hound skeletons
  A worker ant zombie (D:8)
  A howler monkey skeleton (D:9)
  5 adders
  4 shadow imps
  2 oozes
  An adder skeleton (D:4)
  2 worms (D:2)
  A dart slug (D:2)
  6 leopard geckos
  33 orcs
  7 bats
  8 giant cockroaches
  10 goblins
  5 hobgoblins
  16 jackals
  5 quokkas
  2 ball pythons
  5 frilled lizards
  7 kobolds
  7 rats
202 creatures vanquished.

Vanquished Creatures (collateral kills)
  A centaur (D:8)
  A water moccasin skeleton (D:8)
  2 jellies (D:8)
  An adder zombie (D:8)
  5 oozes (D:8)
10 creatures vanquished.

Vanquished Creatures (others)
  A giant cockroach (D:7)
1 creature vanquished.

Grand Total: 213 creatures vanquished

Notes
Turn   | Place    | Note
-------+----------+-------------------------------------------
     0 | D:1      | Gabide the Human Fighter began the quest for the Orb.
     0 | D:1      | Reached XP level 1. HP: 18/18 MP: 1/1
    83 | D:1      | Reached XP level 2. HP: 20/24 MP: 2/2
   486 | D:1      | Reached XP level 3. HP: 29/29 MP: 3/3
   817 | D:2      | Noticed Jessica
   888 | D:2      | Killed Jessica
   888 | D:2      | Reached XP level 4. HP: 5/35 MP: 4/4
  1357 | D:2      | Reached skill level 1 in Stealth
  2079 | D:3      | Reached skill level 1 in Dodging
  2079 | D:3      | Reached XP level 5. HP: 41/41 MP: 5/5
  2228 | D:3      | Reached XP level 6. HP: 37/47 MP: 6/6
  2659 | D:4      | Noticed a phantom
  2708 | D:4      | Killed a phantom
  2792 | D:4      | Found a glowing golden altar of the Shining One.
  2795 | D:4      | Found a sparkling altar of Nemelex Xobeh.
  2798 | D:4      | Found a sacrificial altar of Ru.
  2801 | D:4      | Found a shattered altar of Ashenzari.
  2822 | D:4      | Reached XP level 7. HP: 45/52 MP: 7/7
  2926 | D:4      | Found a staircase to the Ecumenical Temple.
  2942 | Temple   | Entered the Ecumenical Temple
  3145 | D:4      | Found a runed translucent door.
  3146 | D:4      | Noticed Crazy Yiuf
  3155 | D:4      | Killed Crazy Yiuf
  3445 | D:5      | Entered Level 5 of the Dungeon
  3500 | D:5      | Reached skill level 5 in Maces & Flails
  3716 | D:5      | Found Vyheetyuxek's Weapon Shoppe.
  3732 | D:5      | Found a stormy altar of Qazlal.
  3773 | D:5      | Reached XP level 8. HP: 59/60 MP: 8/8
  4004 | D:5      | Noticed Ijyb
  4021 | D:5      | Killed Ijyb
  4547 | D:6      | Reached skill level 5 in Armour
  4617 | D:6      | Noticed Duvessa
  4617 | D:6      | Noticed Dowan
  4627 | D:6      | Killed Duvessa
  4636 | D:6      | Killed Dowan
  4636 | D:6      | Reached skill level 5 in Shields
  4822 | D:6      | Found a shimmering altar of Xom.
  4823 | D:6      | Found a burning altar of Makhleb.
  4830 | D:6      | Became a worshipper of Xom of Ineffable Intent
  4987 | D:6      | XOM: silly message
  5058 | D:7      | XOM: divination: magic mapping
  5158 | D:7      | Reached XP level 9. HP: 31/65 MP: 9/9
  5248 | D:7      | XOM is BORED!
  5248 | D:7      | XOM: give mutations
  5248 | D:7      | Gained mutation: You occasionally shout uncontrollably at
                  | your foes. [Xom's mischief]
  5248 | D:7      | Gained mutation: Armour fits poorly on your strangely
                  | shaped body. [Xom's mischief]
  5294 | D:7      | XOM: mild Fire miscast
  5316 | D:7      | XOM: 1-stop teleportation journey
  5319 | D:7      | XOM: enchant monster (good)
  5348 | D:7      | XOM: potion effect (invisibility)
  5448 | D:7      | XOM: mild Ice miscast
  5678 | D:7      | XOM: mild Erth miscast
  5770 | D:8      | XOM: fake destruction
  5828 | D:8      | XOM: noise
  5837 | D:8      | Noticed a two-headed ogre
  6062 | D:8      | Found a hide-covered altar of Uskayaw.
  6141 | D:8      | Reached skill level 1 in Throwing
  6144 | D:8      | Found a staircase to the Lair.
  6202 | D:8      | Reached XP level 10. HP: 73/73 MP: 10/10
  6217 | D:8      | XOM: noise
  6278 | D:8      | XOM: give mutation
  6278 | D:8      | Gained mutation: Scrolls take you a little longer to read.
                  | [Xom's mischief]
  6284 | D:8      | XOM: confuse monster(s)
  6286 | D:8      | XOM: divination: detect creatures
  6288 | D:8      | XOM: divination: detect items
  6738 | D:8      | XOM: 5-stop teleportation journey
  6809 | D:8      | XOM: potion effect (brilliance)
  6814 | D:8      | XOM: draining
  6822 | D:8      | Killed a two-headed ogre
  6822 | D:8      | Reached skill level 5 in Fighting
  7125 | D:9      | Noticed a two-headed ogre
  7125 | D:9      | XOM: fog
  7212 | D:9      | XOM: summons 3 friendly demons
  7218 | D:8      | XOM: polymorph orc -> ball python
  7223 | D:8      | Killed a two-headed ogre
  7441 | D:9      | XOM: mild Air miscast
  7443 | D:9      | Noticed Erica
  7490 | D:9      | XOM: mild Erth miscast
  7494 | D:9      | Noticed an orb spider
  7499 | D:9      | XOM: 1-stop teleportation journey
  7655 | D:9      | XOM: 2-stop teleportation journey
  7749 | D:9      | XOM: mild Air miscast
  7760 | D:9      | XOM: harmless Air miscast
  7768 | D:9      | XOM: confuse monster(s)
  7873 | D:9      | Noticed an elephant
  7874 | D:9      | Noticed a guardian serpent
  7874 | D:9      | an elephant changed into a guardian serpent
  7879 | D:9      | XOM: enchant monster (bad)
  7885 | D:9      | Slain by a guardian serpent (shapeshifter)

Levels and vault maps discovered:
D:1:      roderic_octagonal_star, layout_basic
D:2:      wander_river, layout_basic, uniq_jessica
D:3:      layout_rooms, first_ration
D:4:      layout_gridville, grunt_temple_overflow_cloverleaf,
          minmay_temple_entry_ruins, kennysheep_generic_room_14,
          uniq_crazy_yiuf_cottage
D:5:      layout_basic, lemuel_round_altar, serial_shops, shop, minivault_23,
          uniq_ijyb
D:6:      layout_layer_cave, grunt_temple_overflow_champion_of_chaos,
          grunt_decor_mini_mirrors, uniq_duvessa
D:7:      layout_gridville, minmay_fractal_squares_5
D:8:      layout_basic, lair_entry_dummy, basic_altar,
          hangedman_little_slice_of_home
D:9:      layout_irregular_city, serial_shops, shop, minmay_chambers_of_fives,
          uniq_erica, uniq_maurice
Temple:   nicolae_temple_no_exploring_needed

Skill      XL: |  1  2  3  4  5  6  7  8  9 10 |
---------------+-------------------------------+-----
Stealth        | 1 2 |  2.4
Maces & Flails | 3 4 5 6 7 9 |  9.0
Dodging        | 1 |  1.0
Shields        | 4 5 8 9 |  9.5
Armour         | 4 5 6 7 |  7.1
Fighting       | 4 5 |  5.6
Throwing       | 1 2 |  2.7

Action                   |  1- 3 |  4- 6 |  7- 9 | 10-12 || total
-------------------------+-------+-------+-------+-------++-------
Melee: Flail             |    90 |   103 |       |       ||   193
       Mace              |       |   101 |   414 |   157 ||   672
Throw: Boomerang         |       |     4 |    52 |    11 ||    67
Evoke: Wand              |       |       |     7 |     3 ||    10
  Use: Scroll            |     4 |    12 |     6 |     3 ||    25
       Potion            |     1 |     1 |     3 |     8 ||    13
 Stab: Invisible         |       |       |     1 |       ||     1
       Confused          |       |       |       |     1 ||     1
  Eat: Chunk             |       |     7 |    15 |     2 ||    24
       Ration            |       |       |     2 |     1 ||     3
Armor: Scale mail        |    10 |       |       |       ||    10
       Chain mail        |    57 |   142 |   203 |   110 ||   512
Dodge: Dodged            |    12 |    56 |    70 |    35 ||   173
Block: Shield            |    44 |   127 |   110 |       ||   281
       Large shield      |       |       |   175 |   191 ||   366
